 Dungeon Crawl Stone Soup version 0.25.1-4-g9407a263a5 (webtiles) character file.

Game seed: 3494807202622312714

45 Erymatos the Chopper (level 3, -8/49 HPs)
             Began as a Minotaur Berserker on Nov 25, 2020.
             Was a Believer of Trog.
             Mangled by Terence
             ... wielding a +1 falchion of electrocution
              (17 damage)
             ... on level 2 of the Dungeon.
             The game lasted 00:01:06 (884 turns).

Erymatos the Chopper (Minotaur Berserker)            Turns: 884, Time: 00:01:07

Health: -8/49      AC:  2    Str: 22    XL:     3   Next: 42%
Magic:  2/2        EV: 12    Int:  4    God:    Trog [**....]
Gold:   56         SH:  0    Dex:  9    Spells: 2/2 levels left

rFire    . . .     SeeInvis .   a - +0 hand axe
rCold    . . .     Gourm    .   (no shield)
rNeg     . . .     Faith    .   b - +0 animal skin
rPois    .         Spirit   .   (helmet restricted)
rElec    .         Reflect  .   (no cloak)
rCorr    .         Harm     .   (no gloves)
MR       .....                  (no boots)
Stlth    ..........             (no amulet)
HPRegen  0.16/turn              (no ring)
MPRegen  0.08/turn              (no ring)

@: berserking, very quick
A: retaliatory headbutt, horns 2
a: Berserk, Trog's Hand, Renounce Religion


You were on level 2 of the Dungeon.
You worshipped Trog.
Trog was pleased with you.
You were hungry.

You visited 1 branch of the dungeon, and saw 2 of its levels.

You collected 56 gold pieces.

Inventory:

Hand Weapons
 a - a +0 hand axe (weapon)
Armour
 b - a +0 animal skin (worn)
Scrolls
 d - 2 scrolls of noise {unknown}
 g - a scroll of fog {unknown}
 h - a scroll of enchant weapon {unknown}
 i - a scroll of enchant armour {unknown}
 j - 2 scrolls of remove curse {unknown}
 k - a scroll of random uselessness {unknown}
 m - a scroll of identify {unknown}
Potions
 e - a potion of curing {unknown}
 l - a potion of cancellation {unknown}
Comestibles
 c - 4 rations
 f - 4 chunks of flesh


   Skills:
 + Level 4.3 Fighting
 + Level 4.6 Axes
 + Level 2.7 Armour
 + Level 2.4 Dodging


You had 2 spell levels left.
You didn't know any spells.
Your spell library was empty.

Dungeon Overview and Level Annotations

Branches:
Dungeon (2/15)

Altars:

Annotations:
D:2 Terence


Innate Abilities, Weirdness & Mutations

You reflexively headbutt those who attack you in melee.
You have a pair of horns on your head.


Message History

You completely miss the hobgoblin. The hobgoblin hits you.
There are monsters nearby!
You barely miss Terence. You hit the hobgoblin but do no damage.
The hobgoblin hits you. Terence hits you but does no damage.
The hobgoblin closely misses you. You furiously retaliate!
You headbutt the hobgoblin, but do no damage.
Unknown command.
There are monsters nearby!
You hit Terence.
Terence is lightly wounded.
You hit the hobgoblin.
Terence hits you with a +1 falchion of electrocution!
You are electrocuted!
The hobgoblin closely misses you.
A red film seems to cover your vision as you go berserk!
You feel yourself moving faster!
You feel mighty!
You are feeling hungry.
Terence hits you with a +1 falchion of electrocution!
* * * LOW HITPOINT WARNING * * *
You are electrocuted!
You die...

#.# #..#
.####...###.# #.#
#..# ##)## #.# #.#
#..# #.# #.# #.#
#..# #.# #.# #.#
#..# #.####.#
######.###..#
#.......
....<........###
######..
#######........###.#
.........
#####...@g...#
.######[. ####@#####
#.. #.# #.. #.# #..
#.# #.. #.# ##^ #.#
#. #.# #.


You could see Terence and a hobgoblin.

Vanquished Creatures
  2 dart slugs (D:1)
  A leopard gecko (D:2)
  4 giant cockroaches (D:1)
  4 hobgoblins
  7 jackals (D:1)
  8 bats
  3 frilled lizards
  2 goblins (D:1)
  4 kobolds
  3 rats
38 creatures vanquished.

Notes
Turn   | Place    | Note
-------+----------+-------------------------------------------
     0 | D:1      | Erymatos the Minotaur Berserker began the quest for the
                  | Orb.
     0 | D:1      | Reached XP level 1. HP: 19/19 MP: 0/0
    51 | D:1      | Reached XP level 2. HP: 24/27 MP: 1/1
   405 | D:1      | Reached XP level 3. HP: 26/33 MP: 2/2
   582 | D:1      | Reached ** piety under Trog
   879 | D:2      | Noticed Terence
   884 | D:2      | Mangled by Terence

Illustrated notes

Levels and vault maps discovered:
D:1:      sevenhm_arrival_forest_fort_large_2, layout_rooms,
          minmay_misc_feat_cross
D:2:      layout_loops_ring, first_ration, uniq_terence

Skill      XL: |  1  2 |
---------------+-------+-----
Axes           | 4 |  4.6
Fighting       | 4 |  4.3
Armour         | |  2.7
Dodging        | |  2.4

Action                   || total
-------------------------++-------
Melee: Hand axe          ||    60
       Headbutt          ||    11
Invok: Berserk           ||     1
Armor: Animal skin       ||    18
Dodge: Dodged            ||    47
